TOP OF THE 1ST |
Gainesville Guidos batting - Pitching for BlackIron Dragons : RHP Esteban Hernández
|
Pitching: RHP Esteban Hernández
|
|
Batting: RHB Adrian Prouse
|
0-0: Ball 1-0: Ball 2-0: Foul Ball, location: 2F 2-1: Foul Ball, location: 2F 2-2: Ball 3-2: Foul Ball, location: 2F 3-2: Base on Balls
|
Batting: RHB Victor Andrews
|
0-0: Ball Adrian Prouse is caught stealing 2nd base 1-0: Called Strike 1-1: Swinging Strike 1-2: Ball 2-2: Ground out 6-3 (Groundball, 6)
|
Batting: LHB Sergio Barrón
|
0-0: Ground out 4-3 (Groundball, 4)
|
Top of the 1st over - 0 run(s), 0 hit(s), 0 error(s), 0 left on base; Gainesville 0 - BlackIron 0 |
BOTTOM OF THE 1ST |
BlackIron Dragons batting - Pitching for Gainesville Guidos : RHP Dave Riley
|
Pitching: RHP Dave Riley
|
|
Batting: RHB Dallas Blair
|
0-0: Ball 1-0: Ball 2-0: Ball 3-0: Base on Balls
|
Batting: RHB Edgardo Carrasco
|
0-0: Grounds into double play, 6-4-3 (Groundball, 6M)
|
Batting: RHB Robert Buckley
|
0-0: Ball 1-0: Foul Ball, location: 2F 1-1: Foul Ball, location: 2F 1-2: Ball 2-2: Ball 3-2: SINGLE (Line Drive, 9S)
|
Batting: RHB Jonah Duncan
|
0-0: Called Strike 0-1: Ball 1-1: Ball 2-1: Ball 3-1: Fly out, F9 (Flyball, 9LD)
|
Bottom of the 1st over - 0 run(s), 1 hit(s), 0 error(s), 1 left on base; Gainesville 0 - BlackIron 0 |
TOP OF THE 2ND |
Gainesville Guidos batting - Pitching for BlackIron Dragons : RHP Esteban Hernández
|
Batting: RHB José Fernández
|
0-0: Foul Ball, location: 2F 0-1: Foul Ball, location: 2F 0-2: Ball 1-2: Ball 2-2: SOLO HOME RUN (Flyball, 7D), Distance : 398 ft
|
Batting: LHB Ed Hart
|
0-0: Called Strike 0-1: Called Strike 0-2: Foul Ball, location: 2F 0-2: Ground out 3-1 (Groundball, 34)
|
Batting: RHB Jason Saunders
|
0-0: Called Strike 0-1: Ball 1-1: Fly out, F8 (Flyball, 8RS)
|
Batting: RHB Noriyori Ine
|
0-0: Called Strike 0-1: Called Strike 0-2: Foul Ball, location: 2F 0-2: Ball 1-2: Ball 2-2: Strikes out looking
|
Top of the 2nd over - 1 run(s), 1 hit(s), 0 error(s), 0 left on base; Gainesville 1 - BlackIron 0 |
BOTTOM OF THE 2ND |
BlackIron Dragons batting - Pitching for Gainesville Guidos : RHP Dave Riley
|
Batting: RHB Cole Ball
|
0-0: Swinging Strike 0-1: Called Strike 0-2: Foul Ball, location: 2F 0-2: Foul Ball, location: 2F 0-2: Strikes out looking
|
Batting: RHB José Colón
|
0-0: Ball 1-0: Foul Ball, location: 2F 1-1: Foul Ball, location: 2F 1-2: Ball 2-2: Ground out 5-3 (Groundball, 56S)
|
Batting: LHB Aurelio Torrez
|
0-0: Called Strike 0-1: Foul Ball, location: 2F 0-2: Ball 1-2: Ball 2-2: Ball 3-2: Foul Ball, location: 2F 3-2: Base on Balls
|
Batting: RHB Joaquín Rosales
|
0-0: Called Strike Aurelio Torrez steals 2nd base 0-1: Ball 1-1: Foul Ball, location: 2F 1-2: Ball 2-2: Ball 3-2: Ground out 1-3 (Groundball, 34S)
|
Bottom of the 2nd over - 0 run(s), 0 hit(s), 0 error(s), 1 left on base; Gainesville 1 - BlackIron 0 |
TOP OF THE 3RD |
Gainesville Guidos batting - Pitching for BlackIron Dragons : RHP Esteban Hernández
|
Batting: LHB Mark Owens
|
0-0: Ball 1-0: DOUBLE (Line Drive, 89M)
|
Batting: SHB Reynaldo Gallegos
|
0-0: Called Strike 0-1: Ball 1-1: Fly out, F2 (Popup, 2LF)
|
Batting: RHB Adrian Prouse
|
0-0: Called Strike 0-1: Ball 1-1: Foul Ball, location: 2F 1-2: Ball 2-2: Strikes out swinging
|
Batting: RHB Victor Andrews
|
0-0: Ball 1-0: Ball 2-0: Called Strike 2-1: DOUBLE (Groundball, 5L) Mark Owens scores
|
Batting: LHB Sergio Barrón
|
0-0: Ground out 4-3 (Groundball, 4)
|
Top of the 3rd over - 1 run(s), 2 hit(s), 0 error(s), 1 left on base; Gainesville 2 - BlackIron 0 |
BOTTOM OF THE 3RD |
BlackIron Dragons batting - Pitching for Gainesville Guidos : RHP Dave Riley
|
Batting: RHB Boyd Pittman
|
0-0: Called Strike 0-1: Ball 1-1: Foul Ball, location: 2F 1-2: Strikes out looking
|
Batting: RHB Dallas Blair
|
0-0: Ball 1-0: SINGLE (Flyball, 7LM)
|
Batting: RHB Edgardo Carrasco
|
0-0: Ball 1-0: Foul Ball, location: 2F 1-1: Ground out 5-3 (Groundball, 56S) Dallas Blair to second
|
Batting: RHB Robert Buckley
|
0-0: Ground out 5-3 (Groundball, 5S)
|
Bottom of the 3rd over - 0 run(s), 1 hit(s), 0 error(s), 1 left on base; Gainesville 2 - BlackIron 0 |
TOP OF THE 4TH |
Gainesville Guidos batting - Pitching for BlackIron Dragons : RHP Esteban Hernández
|
Batting: RHB José Fernández
|
0-0: SINGLE (Line Drive, 4MD)
|
Batting: LHB Ed Hart
|
0-0: DOUBLE (Flyball, 9LD) José Fernández to third
|
Batting: RHB Jason Saunders
|
0-0: Ball 1-0: Called Strike 1-1: Ball 2-1: Swinging Strike 2-2: Ball 3-2: Ground out 6-3 (Groundball, 6) José Fernández scores
|
Batting: RHB Noriyori Ine
|
0-0: Ball 1-0: Ball 2-0: Called Strike 2-1: Called Strike 2-2: Fly out, F8 (Flyball, 8RM)
|
Batting: LHB Mark Owens
|
0-0: Called Strike 0-1: Foul Ball, location: 2F 0-2: Ground out 6-3 (Groundball, 6)
|
Top of the 4th over - 1 run(s), 2 hit(s), 0 error(s), 1 left on base; Gainesville 3 - BlackIron 0 |
BOTTOM OF THE 4TH |
BlackIron Dragons batting - Pitching for Gainesville Guidos : RHP Dave Riley
|
Batting: RHB Jonah Duncan
|
0-0: Called Strike 0-1: Ground out 4-3 (Groundball, 4)
|
Batting: RHB Cole Ball
|
0-0: Ground out 6-3 (Groundball, 6)
|
Batting: RHB José Colón
|
0-0: Ball 1-0: Ground out 4-3 (Groundball, 13)
|
Bottom of the 4th over - 0 run(s), 0 hit(s), 0 error(s), 0 left on base; Gainesville 3 - BlackIron 0 |
TOP OF THE 5TH |
Gainesville Guidos batting - Pitching for BlackIron Dragons : RHP Esteban Hernández
|
Batting: SHB Reynaldo Gallegos
|
0-0: SINGLE (Line Drive, 4)
|
Batting: RHB Adrian Prouse
|
0-0: Ball Reynaldo Gallegos is caught stealing 2nd base 1-0: SINGLE (Line Drive, 34)
|
Batting: RHB Victor Andrews
|
0-0: Ball 1-0: Ball 2-0: Called Strike 2-1: Foul Ball, location: 2F 2-2: SINGLE (Line Drive, 7S) Adrian Prouse to second
|
Batting: LHB Sergio Barrón
|
0-0: Called Strike 0-1: Ball 1-1: Swinging Strike 1-2: Foul Ball, location: 2F 1-2: Ball 2-2: Ball 3-2: Base on Balls Adrian Prouse to third Victor Andrews to second
|
Batting: RHB José Fernández
|
0-0: Ball 1-0: Swinging Strike 1-1: Fly out, F8 (Flyball, 8RM) Runner from 3rd tags up, SCORES, no throw
|
Batting: LHB Ed Hart
|
0-0: Ball 1-0: Swinging Strike 1-1: Swinging Strike 1-2: Strikes out looking
|
Top of the 5th over - 1 run(s), 3 hit(s), 0 error(s), 2 left on base; Gainesville 4 - BlackIron 0 |
BOTTOM OF THE 5TH |
BlackIron Dragons batting - Pitching for Gainesville Guidos : RHP Dave Riley
|
Now at 3B: Fernando Mendoza
|
|
Batting: LHB Aurelio Torrez
|
0-0: Ball 1-0: Fly out, F9 (Line Drive, 9D)
|
Batting: RHB Joaquín Rosales
|
0-0: Called Strike 0-1: Ball 1-1: Ball 2-1: Ground out 6-3 (Groundball, 6M)
|
Batting: RHB Boyd Pittman
|
0-0: Ball 1-0: Fly out, F7 (Flyball, 7D)
|
Bottom of the 5th over - 0 run(s), 0 hit(s), 0 error(s), 0 left on base; Gainesville 4 - BlackIron 0 |
TOP OF THE 6TH |
Gainesville Guidos batting - Pitching for BlackIron Dragons : RHP Esteban Hernández
|
Pitching: LHP Manny Luján
|
|
Batting: RHB Jason Saunders
|
0-0: Ball 1-0: Fly out, F7 (Flyball, 8LS)
|
Batting: RHB Noriyori Ine
|
0-0: Fly out, F4 (Line Drive, 4)
|
Batting: LHB Mark Owens
|
0-0: Fly out, F8 (Flyball, 78XD)
|
Top of the 6th over - 0 run(s), 0 hit(s), 0 error(s), 0 left on base; Gainesville 4 - BlackIron 0 |
BOTTOM OF THE 6TH |
BlackIron Dragons batting - Pitching for Gainesville Guidos : RHP Dave Riley
|
Batting: RHB Dallas Blair
|
0-0: Called Strike 0-1: Ball 1-1: DOUBLE (Groundball, 5L)
|
Batting: RHB Edgardo Carrasco
|
0-0: Fly out, F8 (Flyball, 8LXD) Runner from 2nd tags up, SAFE at 3rd, no throw
|
Batting: RHB Robert Buckley
|
0-0: Called Strike 0-1: Foul Ball, location: 2F 0-2: Strikes out swinging
|
Batting: RHB Jonah Duncan
|
0-0: Ball 1-0: Foul Ball, location: 2F 1-1: Ball 2-1: 2-RUN HOME RUN (Line Drive, 7LD), Distance : 390 ft
|
Batting: RHB Cole Ball
|
0-0: Ball 1-0: Fly out, F9 (Flyball, 89D)
|
Bottom of the 6th over - 2 run(s), 2 hit(s), 0 error(s), 0 left on base; Gainesville 4 - BlackIron 2 |
TOP OF THE 7TH |
Gainesville Guidos batting - Pitching for BlackIron Dragons : LHP Manny Luján
|
Batting: SHB Reynaldo Gallegos
|
0-0: Called Strike 0-1: Swinging Strike 0-2: SINGLE (Line Drive, 6MD)
|
Batting: RHB Adrian Prouse
|
0-0: Ball 1-0: Sac Bunt - play at first, batter OUT! 5-3 Reynaldo Gallegos to second
|
Batting: RHB Victor Andrews
|
0-0: Intentional Walk
|
Pinch Hitting: RHB Satoru Daikawa
|
0-0: Called Strike 0-1: Ball 1-1: 3-RUN HOME RUN (Flyball, 78XD), Distance : 412 ft
|
Pitching: RHP Luis Canseco
|
|
Batting: RHB José Fernández
|
0-0: Foul Ball, location: 2F 0-1: Ground out U3 (Groundball, 3S)
|
Batting: RHB Fernando Mendoza
|
0-0: Called Strike 0-1: Called Strike 0-2: Ball 1-2: Strikes out swinging
|
Top of the 7th over - 3 run(s), 2 hit(s), 0 error(s), 0 left on base; Gainesville 7 - BlackIron 2 |
BOTTOM OF THE 7TH |
BlackIron Dragons batting - Pitching for Gainesville Guidos : RHP Dave Riley
|
Now at 1B: Marcos Villarreal
|
|
Batting: RHB José Colón
|
0-0: Ball 1-0: Ball 2-0: Fly out, F3 (Popup, 34)
|
Batting: LHB Aurelio Torrez
|
0-0: Called Strike 0-1: Ball 1-1: Ball 2-1: Ball 3-1: Base on Balls
|
Batting: RHB Joaquín Rosales
|
0-0: Foul Ball, location: 2F 0-1: Called Strike 0-2: Ball 1-2: Ball 2-2: Strikes out swinging
|
Batting: RHB Boyd Pittman
|
0-0: Ball 1-0: Ball 2-0: Ball Throwing error on steal attempt, E2 Aurelio Torrez to third 3-0: Called Strike 3-1: Foul Ball, location: 2F 3-2: Foul Ball, location: 2F 3-2: Foul Ball, location: 2F 3-2: Foul Ball, location: 2F 3-2: Foul Ball, location: 2F 3-2: Reached on error, E4 (Groundball, 4) Aurelio Torrez scores
|
Pitching: LHP Mike Scott
|
|
Batting: RHB Dallas Blair
|
0-0: Ball 1-0: Ground out 5-3 (Groundball, 5S)
|
Bottom of the 7th over - 1 run(s), 0 hit(s), 2 error(s), 1 left on base; Gainesville 7 - BlackIron 3 |
TOP OF THE 8TH |
Gainesville Guidos batting - Pitching for BlackIron Dragons : RHP Luis Canseco
|
Batting: RHB Jason Saunders
|
0-0: Called Strike 0-1: Ball 1-1: Ground out 3-1 (Groundball, 34S)
|
Batting: RHB Noriyori Ine
|
0-0: Swinging Strike 0-1: Ball 1-1: Fly out, F7 (Line Drive, 7M)
|
Batting: LHB Mark Owens
|
0-0: Ball 1-0: Fly out, F7 (Flyball, 7M)
|
Top of the 8th over - 0 run(s), 0 hit(s), 0 error(s), 0 left on base; Gainesville 7 - BlackIron 3 |
BOTTOM OF THE 8TH |
BlackIron Dragons batting - Pitching for Gainesville Guidos : LHP Mike Scott
|
Batting: RHB Edgardo Carrasco
|
0-0: Ball 1-0: Foul Ball, location: 2F 1-1: Ball 2-1: Ball 3-1: Called Strike 3-2: Strikes out swinging
|
Batting: RHB Robert Buckley
|
0-0: Called Strike 0-1: Ball 1-1: Ball 2-1: Ball 3-1: Called Strike 3-2: Foul Ball, location: 2F 3-2: Base on Balls
|
Batting: RHB Jonah Duncan
|
0-0: Ball 1-0: Ball 2-0: Called Strike 2-1: Grounds into double play, 5-4-3 (Groundball, 5L)
|
Bottom of the 8th over - 0 run(s), 0 hit(s), 0 error(s), 0 left on base; Gainesville 7 - BlackIron 3 |
TOP OF THE 9TH |
Gainesville Guidos batting - Pitching for BlackIron Dragons : RHP Luis Canseco
|
Batting: SHB Reynaldo Gallegos
|
0-0: Foul Ball, location: 2F 0-1: Foul Ball, location: 2F 0-2: Foul Ball, location: 2F 0-2: Ball 1-2: Ball 2-2: Strikes out swinging
|
Batting: RHB Adrian Prouse
|
0-0: Ball 1-0: Ball 2-0: Swinging Strike 2-1: Ball 3-1: Foul Ball, location: 2F 3-2: Strikes out looking
|
Batting: RHB Victor Andrews
|
0-0: Ball 1-0: Ground out 6-3 (Groundball, 6)
|
Top of the 9th over - 0 run(s), 0 hit(s), 0 error(s), 0 left on base; Gainesville 7 - BlackIron 3 |
BOTTOM OF THE 9TH |
BlackIron Dragons batting - Pitching for Gainesville Guidos : LHP Mike Scott
|
Batting: RHB Cole Ball
|
0-0: Ball 1-0: Foul Ball, location: 2F 1-1: SINGLE (Flyball, 8RS)
|
Batting: RHB José Colón
|
0-0: Fly out, F9 (Flyball, 89M)
|
Batting: LHB Aurelio Torrez
|
0-0: Called Strike 0-1: Fielders Choice at 2nd, 4-6 (Groundball, 34)
|
Batting: RHB Joaquín Rosales
|
0-0: Ball 1-0: Called Strike 1-1: Swinging Strike 1-2: Ball 2-2: Ball 3-2: Base on Balls Aurelio Torrez to second
|
Pitching: LHP Luis López
|
|
Batting: RHB Boyd Pittman
|
0-0: SINGLE (Line Drive, 3D) Aurelio Torrez to third Joaquín Rosales to second Runner from 3rd tries for Home, SAFE, no throw or cutoff
|
Batting: RHB Dallas Blair
|
0-0: Ball 1-0: Foul Ball, location: 2F 1-1: Foul Ball, location: 2F 1-2: Ball 2-2: Fielders Choice at 2nd, 6-4 (Groundball, 6MS)
|
Bottom of the 9th over - 1 run(s), 2 hit(s), 0 error(s), 1 left on base; Gainesville 7 - BlackIron 4 |
|